Map: Mementos LE

Players

Discover

  • Race: Terran Terran
  • Spawn Location: 7:00

Paaasc

  • Race: Terran Terran
  • Spawn Location: 9:00

guest

  • Race: Terran Terran
  • Spawn Location: 9:00

MooEsqoo

  • Race: Zerg Zerg
  • Spawn Location: 6:00

ken - Winner!

  • Race: Protoss Protoss
  • Spawn Location: 1:00

ZiutBryk - Winner!

  • Race: Zerg Zerg
  • Spawn Location: 3:00

DrunkPunk - Winner!

  • Race: Terran Terran
  • Spawn Location: 12:00

yamato - Winner!

  • Race: Terran Terran
  • Spawn Location: 3:00

VOD

Have the link to the VOD?

Description

Time

  • Played on: Dec. 21, 2019, 6:25 a.m.
  • Length: 18:56
Show
View Real Time Build Order
Export as new Build Order

Discover Terran 

Build Orders:  

Get SALT Encoding   

  12  0:44  SCV  
  13  0:55  Supply Depot  
  13  1:01  SCV  
  14  1:06  Command Center  
  14  1:13  SCV  
  14  1:15  Supply Depot  
  15  1:24  Supply Depot  
  15  1:43  Barracks  
  15  2:19  Command Center  
  15  2:22  SCV  
  16  2:47  Refinery  
  16  3:02  Refinery  
  16  3:13  Refinery  
  16  3:36  Orbital Command x2  
  16  3:42  Orbital Command  
  16  3:48  Refinery  
  16  4:02  SCV  
  17  4:07  SCV  
  18  4:11  SCV  
  18  4:14  SCV  
  20  4:26  SCV, Barracks Reactor  
  21  4:38  SCV x2  
  22  4:44  SCV  
  24  4:50  SCV x2  
  26  4:56  SCV  
  27  5:02  SCV  
  28  5:08  SCV  
  29  5:14  SCV  
  29  5:18  Marine x2  
  29  5:20  SCV  
  33  5:26  SCV  
  47  5:28  Orbital Command  
  34  5:29  Factory  
  34  5:32  SCV  
  34  5:33  Supply Depot  
  34  5:35  Supply Depot  
  35  5:36  Marine x2  
  35  5:37  Supply Depot  
  34  5:53  Marine  
  34  5:54  Marine  
  34  5:56  Supply Depot, SCV  
  37  6:00  Supply Depot  
  37  6:01  Supply Depot  
  37  6:08  SCV  
  38  6:11  Marine  
  38  6:12  Marine  
  38  6:15  Supply Depot, Engineering Bay  
  40  6:19  Supply Depot  
  40  6:20  SCV  
  42  6:32  SCV  
  42  6:34  Factory Tech Lab  
  42  6:37  Factory Reactor  
  42  6:43  Engineering Bay  
  42  6:44  SCV  
  43  6:54  SCV  
  43  6:57  SCV  
  45  7:01  Refinery  
  45  7:02  Refinery  
  45  7:06  SCV  
  46  7:09  SCV  
  49  7:16  Widow Mine x2  
  49  7:18  SCV  
  49  7:21  SCV  
  53  7:31  SCV  
  53  7:33  SCV  
  57  7:37  Widow Mine x2  
  57  7:43  SCV  
  62  7:58  Widow Mine  
  62  7:59  Widow Mine  
  62  8:04  SCV  
  65  8:12  Starport  
  65  8:14  Starport  
  65  8:17  SCV  
  65  8:19  Starport  
  68  8:20  Widow Mine x2  
  68  8:23  Starport  
  70  8:29  Neosteel Armor, SCV, Hi-Sec Auto Tracking  
  71  8:41  SCV  
  72  8:47  SCV  
  73  8:53  SCV  
  74  8:59  SCV  
  75  9:05  SCV  
  76  9:11  SCV  
  77  9:17  SCV  
  77  9:23  SCV  
  79  9:26  Terran Infantry Armor Level 1  
  79  9:29  SCV  
  80  9:35  SCV  
  81  9:40  Starport Reactor  
  81  9:41  Starport Reactor x3  
  81  9:54  SCV  
  81  9:55  Command Center  
  82  10:00  Missile Turret  
  82  10:01  Missile Turret  
  82  10:02  Missile Turret  
  82  10:06  SCV  
  83  10:08  Missile Turret x2  
  83  10:10  Terran Infantry Weapons Level 1  
  83  10:18  SCV  
  84  10:30  SCV  
  85  10:42  SCV  
  86  11:01  Liberator x6  
  86  11:02  Liberator x2  
  83  11:19  Missile Turret  
  83  11:21  Missile Turret x2  
  83  11:23  Missile Turret x2  
  104  11:35  Armory  
  104  11:38  Armory  
  104  11:39  Fusion Core  
  104  11:40  Refinery  
  104  11:44  Liberator x8  
  104  11:46  Refinery  
  104  11:53  Command Center  
  107  12:06  Orbital Command  
  128  12:26  Liberator  
  128  12:41  Supply Depot  
  128  12:42  Supply Depot  
  128  12:43  Supply Depot x3  
  131  12:45  Liberator x2  
  131  12:46  SCV, Liberator x2  
  131  12:47  SCV, Liberator x3  
  133  13:02  SCV x2  
  133  13:03  SCV  
  133  13:05  Supply Depot  
  157  13:06  Supply Depot  
  157  13:07  Supply Depot, Advanced Ballistics  
  157  13:08  Supply Depot  
  157  13:09  Supply Depot, Liberator  
  157  13:12  Terran Vehicle And Ship Armor Level 1  
  157  13:13  Terran Ship Weapons Level 1  
  157  13:14  SCV  
  157  13:15  SCV x2  
  160  13:27  SCV x2  
  165  13:28  SCV  
  166  13:39  SCV  
  150  14:26  Weapon Refit  
  150  14:49  Orbital Command  
  150  15:08  Liberator x4  
  150  15:09  Liberator x4  
  174  15:33  Terran Vehicle And Ship Armor Level 2, Terran Ship Weapons Level 2  
  174  15:51  Liberator x6  
  174  15:52  Liberator x2  
  171  16:07  SCV  
  196  16:19  SCV  
  196  16:22  Refinery  
  197  16:31  SCV  
  198  16:40  Liberator  
  198  17:04  Liberator  
  198  17:05  Liberator x2  
Show
View Real Time Build Order
Export as new Build Order

Paaasc Terran 

Build Orders:  

Get SALT Encoding   

  12  1:43  SCV  
  13  1:53  Supply Depot  
  13  1:55  SCV  
  13  1:56  Command Center, Supply Depot  
  14  2:01  Refinery  
  14  2:05  Refinery  
  14  2:07  SCV  
  15  2:19  SCV  
  16  2:24  Supply Depot  
  16  2:31  SCV  
  17  2:37  Engineering Bay  
  17  2:51  Barracks  
  17  3:28  Sensor Tower  
  17  3:39  Orbital Command  
  17  3:42  Sensor Tower  
  17  3:44  Refinery  
  17  3:46  Refinery  
  17  3:51  Factory  
  17  4:01  Missile Turret  
  17  4:16  Orbital Command  
  17  4:30  Missile Turret  
  17  4:46  SCV  
  17  4:51  Missile Turret  
  18  4:58  SCV  
  19  5:10  SCV  
  14  5:22  SCV  
  15  5:29  Factory Tech Lab  
  15  5:32  SCV  
  15  5:34  SCV  
  17  5:44  SCV  
  17  5:46  SCV  
  19  5:56  SCV  
  20  5:58  SCV  
  21  6:08  SCV  
  21  6:10  Siege Tank, SCV  
  26  6:42  Siege Tank  
  29  7:14  Siege Tank  
  32  7:19  Command Center  
  32  7:32  SCV  
  33  7:44  SCV  
  33  7:46  Starport x2  
  34  7:56  SCV  
  35  8:08  SCV  
  36  8:20  SCV  
  36  8:23  Armory  
  36  8:24  Starport  
  36  8:26  Starport  
  31  9:07  Orbital Command  
  29  9:50  Starport Tech Lab x4  
  29  9:54  SCV  
  29  9:56  Orbital Command  
  30  10:01  Refinery  
  30  10:04  Refinery  
  30  10:06  Siege Tank, SCV  
  34  10:13  Missile Turret  
  34  10:18  SCV  
  35  10:28  SCV  
  36  10:30  SCV  
  36  10:34  Missile Turret  
  34  10:40  SCV  
  34  10:42  SCV  
  35  10:52  SCV  
  35  10:54  SCV, Raven  
  38  11:06  Orbital Command, SCV  
  38  11:11  Fusion Core  
  38  11:30  Siege Tank  
  41  11:33  SCV  
  42  11:45  SCV  
  43  11:53  Terran Ship Weapons Level 1  
  43  11:57  SCV  
  44  12:06  Refinery  
  44  12:09  SCV  
  45  12:21  SCV  
  46  12:24  Refinery  
  46  12:33  SCV  
  47  12:45  SCV  
  48  12:53  Supply Depot  
  48  12:54  Supply Depot  
  48  12:57  SCV  
  49  13:00  Battlecruiser x3  
  67  13:15  Battlecruiser  
  67  13:17  Supply Depot  
  67  13:18  Supply Depot  
  73  13:45  Supply Depot  
  73  13:47  Terran Vehicle And Ship Armor Level 1  
  65  14:04  Battlecruiser x3  
  83  14:11  Supply Depot  
  83  14:19  Battlecruiser  
  89  15:35  Missile Turret x2  
  89  15:36  Missile Turret x2  
  89  15:56  Missile Turret x3  
  89  16:07  Viking x4  
  97  16:23  Supply Depot  
  94  16:47  Supply Depot  
  94  16:49  Viking  
  94  16:51  Viking x3  
  76  17:19  Viking  
  76  17:21  Supply Depot, Viking x3  
  78  17:49  Viking  
  80  17:51  Viking x3  
Show
View Real Time Build Order
Export as new Build Order

guest Terran 

Build Orders: Command Center First (CC) 

Get SALT Encoding   

  12  0:01  SCV  
  13  0:13  SCV  
  14  0:20  Supply Depot  
  14  0:25  SCV  
  15  0:42  SCV  
  16  0:59  Command Center  
  16  1:04  Refinery  
  16  1:09  SCV  
  17  1:21  SCV  
  17  1:24  Barracks  
  18  1:33  SCV, Refinery  
  19  1:45  SCV  
  20  1:57  SCV  
  21  2:10  Orbital Command  
  21  2:11  Orbital Command  
  21  2:22  Factory  
  21  2:28  Barracks Tech Lab  
  21  2:38  SCV x2  
  23  2:50  SCV x2  
  25  3:02  SCV  
  25  3:03  SCV  
  27  3:05  Refinery  
  27  3:06  Refinery  
  27  3:07  Starport  
  27  3:08  Factory Tech Lab  
  27  3:14  Supply Depot, SCV  
  27  3:15  SCV  
  29  3:26  SCV  
  31  3:27  SCV  
  31  3:39  SCV x2  
  31  3:41  Supply Depot  
  33  3:45  Fusion Core  
  33  3:48  Starport  
  33  3:51  SCV x2  
  35  4:03  SCV x2  
  35  4:06  Engineering Bay  
  37  4:15  SCV x2  
  39  4:27  SCV  
  39  4:28  SCV  
  41  4:34  Battlecruiser  
  47  4:42  Battlecruiser  
  53  4:45  Weapon Refit  
  53  4:48  SCV  
  54  4:57  Supply Depot  
  54  5:02  Factory Reactor, Barracks Reactor  
  54  5:03  Supply Depot  
  54  5:12  SCV  
  45  5:30  SCV  
  47  5:42  SCV  
  47  5:45  Orbital Command  
  47  5:55  SCV  
  48  6:04  Hellion x2  
  52  6:07  SCV  
  53  6:19  SCV  
  58  6:25  Hellion  
  58  6:26  Hellion  
  58  6:31  SCV  
  59  6:43  SCV x2  
  61  6:55  SCV x2  
  61  6:58  Armory  
  61  6:59  Armory  
  63  7:07  SCV x2  
  59  7:19  SCV x2  
  61  7:31  SCV x2  
  63  7:43  SCV x2  
  65  7:46  Missile Turret  
  65  7:48  Missile Turret, Terran Ship Weapons Level 1  
  65  7:49  Terran Vehicle And Ship Armor Level 1  
  65  7:50  Missile Turret  
  65  7:52  Neosteel Armor  
  65  7:54  Missile Turret  
  65  7:55  Missile Turret  
  65  7:57  Missile Turret  
  65  7:58  Missile Turret x3  
  65  8:01  Supply Depot x2  
  65  8:09  Viking x2  
  69  8:19  Starport  
  69  8:20  Starport  
  69  8:23  Viking x2  
  69  8:24  Supply Depot  
  69  8:26  Supply Depot  
  73  8:32  Infernal Pre-Igniter  
  73  8:42  Missile Turret, Viking x2  
  73  8:43  Missile Turret  
  77  8:51  Supply Depot  
  77  8:53  Command Center, Supply Depot  
  77  9:21  Starport Reactor  
  77  9:22  Starport Reactor  
  77  9:32  Hi-Sec Auto Tracking  
  77  9:36  Viking x3  
  77  9:37  Viking  
  85  9:48  Terran Vehicle And Ship Armor Level 2, Terran Ship Weapons Level 2  
  85  9:57  Viking  
  87  10:06  Viking x3  
  93  10:17  Viking  
  93  10:18  Viking x3  
  93  10:21  Supply Depot x2  
  101  10:25  Smart Servos  
  101  10:42  Viking x2  
  103  10:43  Viking  
  107  10:54  Viking x2  
  105  11:15  Viking x3  
  79  11:29  Orbital Command  
  79  11:38  Supply Depot  
  79  11:49  Viking x3  
  85  11:54  Missile Turret  
  85  11:56  Missile Turret  
  85  11:57  Missile Turret  
  85  11:58  Refinery x2  
  85  11:59  Missile Turret  
  85  12:00  SCV x3  
  88  12:11  Terran Ship Weapons Level 3  
  88  12:12  SCV  
  88  12:13  SCV  
  90  12:19  Terran Vehicle And Ship Armor Level 3  
Show
View Real Time Build Order
Export as new Build Order

MooEsqoo Zerg 

Build Orders: Hatch First 

Get SALT Encoding   

  12  1:46  Overlord, Drone  
  13  1:47  Drone  
  14  2:06  Hatchery  
  13  2:15  Extractor, Spawning Pool  
  12  2:16  Hatchery  
  12  2:19  Drone x3  
  13  2:40  Drone  
  14  2:56  Drone x2  
  16  3:03  Extractor  
  15  3:09  Drone  
  16  3:14  Extractor  
  16  3:16  Extractor  
  16  3:17  Lair  
  14  3:21  Drone x2  
  16  3:35  Drone  
  16  3:37  Drone x2  
  19  3:44  Metabolic Boost  
  19  3:50  Drone x3  
  19  3:51  Drone  
  25  3:55  Drone x2  
  25  3:56  Queen  
  25  4:01  Queen  
  29  4:07  Drone  
  30  4:10  Drone  
  31  4:23  Drone x2  
  31  4:24  Drone  
  34  4:28  Overlord  
  34  4:34  Overlord  
  34  4:55  Spire  
  34  4:58  Infestation Pit  
  32  5:03  Drone x3  
  32  5:04  Drone x2  
  37  5:08  Overlord  
  37  5:09  Overlord  
  37  5:18  Drone  
  37  5:19  Drone x3  
  41  5:30  Queen  
  43  5:47  Zergling x2  
  43  5:48  Zergling x10  
  43  5:49  Zergling x2  
  51  5:50  Zergling x2  
  33  6:14  Zergling x8  
  33  6:15  Zergling x10  
  35  6:38  Drone x5  
  35  6:39  Drone  
  41  6:45  Queen  
  43  7:09  Hive  
  43  7:36  Mutalisk x2  
  43  7:37  Mutalisk x4  
  43  7:38  Mutalisk  
  43  7:40  Drone  
  58  7:57  Mutalisk x3  
  64  8:01  Drone x2  
  66  8:19  Overlord x4  
  66  8:48  Zerg Flyer Weapons Level 1  
  66  8:56  Overseer  
  66  9:03  Mutalisk  
  66  9:04  Mutalisk x3  
  66  9:07  Drone x3  
  66  9:08  Drone x6  
  66  9:09  Drone  
  73  9:40  Corruptor x2  
  73  9:41  Corruptor  
  73  9:43  Swarm Host  
  72  9:50  Corruptor  
  60  10:08  Extractor  
  60  10:09  Corruptor x2  
  60  10:12  Extractor  
  60  10:13  Drone  
  60  10:14  Drone x5  
  68  10:23  Queen  
  67  11:08  Corruptor x6  
  67  11:11  Overlord x2  
  65  11:37  Corruptor x3  
  57  11:52  Queen x2  
  61  12:10  Corruptor  
  63  12:22  Drone x5  
  68  12:23  Drone  
  69  12:33  Drone x3  
  69  12:34  Drone  
  73  12:56  Corruptor x5  
  73  12:57  Corruptor x4  
  67  13:46  Hatchery  
  66  13:54  Extractor  
  65  13:59  Spawning Pool  
  64  14:37  Drone x4  
  64  14:38  Drone x4  
  67  16:06  Hatchery  
  56  17:42  Extractor  
Show
View Real Time Build Order
Export as new Build Order

ken Protoss - Winner!

Build Orders: Carriers, Carrier Rush 

Get SALT Encoding   

  12  0:15  Probe (Chrono Boost)  
  12  0:17  Pylon  
  13  0:25  Probe (Chrono Boost)  
  14  0:29  Probe (Chrono Boost)  
  15  0:41  Probe  
  16  0:43  Forge  
  16  0:55  Gateway  
  16  1:01  Probe  
  17  1:10  Assimilator  
  17  1:13  Probe (Chrono Boost)  
  17  1:15  Assimilator  
  18  1:25  Probe (Chrono Boost)  
  19  1:30  Probe (Chrono Boost)  
  20  1:37  Photon Cannon  
  20  1:40  Probe  
  21  2:04  Nexus  
  21  2:16  Cybernetics Core  
  21  2:22  Photon Cannon  
  21  2:33  Probe (Chrono Boost)  
  22  2:43  Probe (Chrono Boost)  
  23  2:47  Pylon  
  23  3:05  Probe  
  24  3:06  Stargate  
  24  3:17  Probe  
  25  3:20  Protoss Air Weapons Level 1 (Chrono Boost)  
  25  3:28  Probe (Chrono Boost)  
  26  3:36  Pylon  
  26  3:38  Probe (Chrono Boost)  
  27  3:42  Pylon  
  27  3:43  Probe (Chrono Boost)  
  28  3:54  Probe  
  29  3:55  Fleet Beacon  
  29  4:06  Assimilator, Probe  
  30  4:10  Assimilator  
  30  4:17  Stargate  
  30  4:18  Probe  
  31  4:31  Probe (Chrono Boost)  
  32  4:41  Probe (Chrono Boost)  
  33  4:46  Probe (Chrono Boost)  
  33  4:51  Carrier  
  40  4:57  Probe  
  41  5:09  Probe  
  42  5:20  Nexus  
  42  5:21  Probe  
  42  5:26  Protoss Shields Level 1  
  43  5:36  Protoss Air Armor Level 1 (Chrono Boost)  
  43  5:39  Probe (Chrono Boost)  
  44  5:48  Carrier  
  44  5:49  Probe (Chrono Boost)  
  51  5:54  Probe (Chrono Boost)  
  52  6:13  Carrier  
  58  6:36  Probe (Chrono Boost)  
  58  6:37  Assimilator  
  59  6:46  Probe (Chrono Boost)  
  60  6:51  Probe (Chrono Boost)  
  61  7:02  Probe  
  62  7:13  Carrier  
  62  7:14  Probe  
  69  7:17  Stargate  
  69  7:21  Carrier  
  75  7:28  Pylon  
  75  7:34  Pylon  
  75  7:35  Pylon  
  75  7:38  Pylon  
  75  7:46  Assimilator, Probe (Chrono Boost)  
  76  7:56  Probe (Chrono Boost)  
  77  8:01  Probe (Chrono Boost)  
  77  8:02  Carrier  
  84  8:13  Probe  
  85  8:20  Carrier  
  85  8:25  Probe  
  85  8:26  Protoss Air Weapons Level 2 (Chrono Boost)  
  92  8:36  Carrier  
  92  8:37  Probe  
  99  8:49  Probe  
  99  8:55  Pylon  
  100  8:59  Pylon  
  100  9:01  Probe  
  101  9:03  Pylon  
  101  9:06  Pylon  
  101  9:08  Pylon  
  101  9:12  Carrier  
  107  9:27  Carrier  
  113  9:37  Probe (Chrono Boost)  
  115  9:46  Probe (Chrono Boost)  
  115  9:48  Carrier  
  105  10:25  Probe (Chrono Boost)  
  106  10:35  Probe (Chrono Boost)  
  107  10:36  Carrier x2  
  107  10:40  Probe (Chrono Boost)  
  107  10:42  Protoss Air Armor Level 2 (Chrono Boost)  
  120  10:51  Probe  
  121  11:04  Probe  
  86  11:39  Probe (Chrono Boost)  
  87  11:46  Carrier x3  
  105  11:49  Probe (Chrono Boost)  
  105  11:51  Stargate  
  105  11:54  Pylon, Probe (Chrono Boost)  
  106  11:57  Pylon  
  107  12:06  Probe (Chrono Boost)  
  108  12:17  Probe (Chrono Boost)  
  108  12:22  Probe (Chrono Boost)  
  110  12:32  Probe  
  110  12:35  Carrier  
  117  12:44  Probe  
  130  12:51  Carrier x2  
  130  13:16  Protoss Air Weapons Level 3 (Chrono Boost)  
  130  13:22  Carrier  
  76  14:27  Carrier x3  
  76  14:30  Carrier  
  100  15:36  Carrier x3  
  100  15:42  Carrier  
  124  16:02  Nexus  
  136  17:01  Carrier x4  
  148  17:42  Assimilator  
  148  17:45  Assimilator  
Show
View Real Time Build Order
Export as new Build Order

ZiutBryk Zerg - Winner!

Build Orders: Pool First 

Get SALT Encoding   

  12  0:02  Drone  
  13  0:14  Extractor  
  12  0:15  Drone  
  12  0:16  Drone  
  14  0:22  Extractor  
  14  0:23  Drone  
  14  0:40  Overlord  
  14  0:55  Spawning Pool  
  14  0:57  Drone  
  14  1:15  Drone  
  14  1:16  Drone x2  
  17  1:38  Drone x2  
  19  1:42  Lair  
  19  1:50  Metabolic Boost  
  19  2:13  Drone x3  
  22  2:19  Evolution Chamber  
  21  2:39  Drone  
  21  2:43  Burrow  
  22  2:48  Zerg Melee Weapons Level 1  
  22  2:53  Overlord  
  22  2:54  Overlord  
  22  3:26  Nydus Network  
  21  3:30  Zergling x6  
  24  3:45  Hatchery  
  23  4:05  Zergling x6  
  26  4:39  Zergling x6  
  29  4:53  Nydus Canal  
  29  4:58  Zerg Ground Armor Level 1  
  29  5:01  Drone x2  
  30  6:00  Zergling x6  
  25  6:46  Zergling x4  
  22  6:47  Queen, Zergling x2  
  17  7:09  Nydus Canal  
  17  7:15  Drone x3  
  20  7:28  Overseer  
  20  7:32  Zerg Melee Weapons Level 2  
  20  7:35  Drone x3  
  23  7:38  Drone x2  
  25  8:00  Drone x2  
  27  8:13  Hatchery  
  26  8:26  Zergling x6  
  29  8:32  Hatchery  
  28  8:38  Nydus Canal  
  19  9:26  Drone x3  
  19  9:29  Extractor  
  21  9:32  Extractor  
  20  9:38  Overseer  
  20  9:42  Drone x3  
  23  9:52  Drone x3  
  26  10:03  Drone  
  27  10:08  Hatchery  
  26  10:19  Drone x3  
  29  10:23  Drone  
  29  10:24  Drone  
  29  10:38  Infestation Pit  
  25  10:50  Drone x3  
  25  10:54  Drone x3  
  32  10:57  Drone x3  
  32  11:00  Drone x2  
  32  11:01  Drone  
  37  11:24  Spire  
  36  11:28  Spire  
  35  11:33  Spire  
  35  11:36  Pneumatized Carapace, Hive  
  34  11:41  Drone x3  
  34  11:43  Drone x3  
  40  11:56  Overlord x3  
  40  11:59  Overlord  
  40  12:00  Overlord x5  
  40  12:06  Extractor  
  39  12:10  Extractor, Drone x2  
  39  12:13  Drone x2  
  42  12:17  Extractor  
  42  12:19  Extractor  
  40  12:37  Drone  
  40  12:38  Drone x2  
  40  12:42  Drone x3  
  46  12:52  Corruptor x5  
  46  12:53  Corruptor  
  46  12:56  Corruptor x3  
  64  13:18  Zerg Flyer Weapons Level 1  
  64  13:19  Zerg Flyer Armor Level 1  
  64  13:21  Greater Spire  
  66  13:27  Drone x3  
  66  13:30  Drone x3  
  70  13:36  Corruptor x3  
  70  13:37  Corruptor x3  
  82  13:44  Corruptor x2  
  82  13:45  Corruptor  
  88  14:18  Corruptor x6  
  100  14:28  Drone x3  
  103  14:38  Corruptor x3  
  109  15:13  Corruptor x4  
  109  15:14  Corruptor x2  
  113  15:17  Corruptor x3  
  113  15:20  Overlord x3  
  127  15:36  Zerg Flyer Weapons Level 2  
  127  15:37  Zerg Flyer Armor Level 2  
  127  16:04  Corruptor  
  127  16:05  Corruptor x5  
  127  16:09  Corruptor  
  127  16:10  Corruptor x2  
  123  17:10  Queen  
  123  17:11  Queen  
  123  17:13  Queen  
  129  17:28  Corruptor x6  
  141  17:31  Corruptor x3  
  141  17:35  Overlord x3  
Show
View Real Time Build Order
Export as new Build Order

DrunkPunk Terran - Winner!

Build Orders:  

Get SALT Encoding   

  12  0:05  SCV  
  13  0:21  Supply Depot  
  13  0:34  SCV  
  14  0:50  Barracks  
  14  1:00  SCV  
  15  1:24  Engineering Bay  
  15  1:32  SCV  
  16  1:44  SCV, Refinery  
  17  1:56  SCV  
  18  2:08  SCV  
  19  2:09  Missile Turret  
  19  2:20  SCV  
  20  2:28  Barracks Tech Lab  
  20  2:31  Supply Depot  
  20  2:32  SCV  
  21  2:41  Refinery  
  21  3:01  Supply Depot  
  21  3:24  Marine  
  22  3:35  Sensor Tower  
  22  3:42  Marine  
  22  3:59  Marine  
  23  4:12  Ghost Academy  
  23  4:14  Orbital Command  
  23  4:17  Marine  
  24  4:35  Marine  
  25  4:45  SCV  
  26  4:51  Supply Depot  
  26  4:53  Marine  
  26  4:56  Personal Cloaking  
  26  4:57  SCV  
  28  5:09  SCV  
  28  5:11  Marine  
  30  5:15  Command Center  
  30  5:21  SCV  
  31  5:28  Marine  
  31  5:33  SCV  
  33  5:41  Bunker  
  33  5:46  Marine  
  34  6:08  SCV  
  35  6:23  Reaper  
  36  6:27  Terran Infantry Weapons Level 1  
  36  6:55  Reaper  
  37  7:28  Reaper  
  38  7:34  Missile Turret  
  38  7:45  Planetary Fortress  
  38  7:53  Concussive Shells  
  38  8:00  Reaper  
  39  8:21  Terran Infantry Armor Level 1, SCV  
  40  8:32  Reaper  
  40  8:33  SCV  
  42  8:36  Stimpack  
  42  8:42  Missile Turret  
  42  8:46  SCV  
  43  8:58  SCV  
  43  9:01  Missile Turret  
  44  9:06  Missile Turret  
  44  9:10  SCV  
  45  9:19  Command Center  
  45  9:47  Refinery  
  45  10:08  Factory  
  43  12:04  Combat Shield  
  43  12:14  Starport  
  43  12:16  Hi-Sec Auto Tracking  
  43  12:19  Factory Tech Lab  
  43  12:26  Missile Turret  
  43  12:36  SCV  
  44  12:49  SCV  
  44  12:50  Siege Tank  
  48  12:56  Starport Tech Lab  
  48  13:01  SCV  
  49  13:07  Supply Depot  
  49  13:10  Refinery  
  49  13:13  SCV, Supply Depot, Neosteel Armor  
  50  13:22  Siege Tank  
  50  13:25  SCV  
  54  13:36  Refinery  
  54  13:37  SCV  
  55  13:53  Reaper  
  55  13:54  Siege Tank  
  59  14:25  Reaper  
  59  14:26  Siege Tank  
  63  14:34  Supply Depot  
  63  14:58  Siege Tank, Reaper  
  67  15:00  Refinery  
  67  15:30  Reaper  
  68  16:02  Reaper  
  69  16:12  Viking  
  71  16:42  Viking  
  70  16:53  Missile Turret  
  70  17:11  Viking  
  72  17:41  Viking  
  74  18:11  Viking  
Show
View Real Time Build Order
Export as new Build Order

yamato Terran - Winner!

Build Orders: Command Center First (CC) 

Get SALT Encoding   

  12  0:01  SCV  
  13  0:13  SCV  
  14  0:25  Supply Depot, SCV  
  15  0:46  SCV  
  16  0:58  SCV  
  17  1:05  Command Center  
  17  1:10  SCV  
  18  1:17  Barracks  
  18  1:23  Refinery  
  18  1:25  SCV  
  19  1:33  Refinery  
  19  1:37  SCV  
  20  1:49  SCV  
  21  1:58  Supply Depot  
  21  2:04  Orbital Command  
  21  2:16  Factory  
  21  2:17  SCV  
  22  2:24  Barracks Tech Lab  
  22  2:29  SCV  
  23  2:32  SCV  
  24  2:41  SCV  
  25  2:45  SCV  
  26  2:53  SCV  
  27  3:01  Starport  
  27  3:02  SCV  
  28  3:07  Refinery  
  28  3:09  Refinery  
  28  3:10  Orbital Command  
  28  3:14  SCV  
  29  3:26  SCV  
  30  3:28  Armory  
  30  3:38  SCV x2  
  30  3:39  Fusion Core  
  32  3:45  Engineering Bay  
  32  3:50  SCV x2  
  34  3:56  Armory  
  34  4:02  SCV x2  
  36  4:10  Supply Depot  
  36  4:12  Missile Turret  
  36  4:14  SCV  
  37  4:23  Missile Turret  
  37  4:24  SCV  
  38  4:28  Battlecruiser  
  44  4:32  Weapon Refit  
  44  4:36  Terran Vehicle And Ship Armor Level 1  
  44  4:37  SCV  
  45  4:45  Missile Turret  
  45  4:50  Factory Tech Lab  
  45  4:51  Barracks Tech Lab  
  45  4:56  SCV x2  
  45  4:58  Terran Ship Weapons Level 1  
  47  5:05  Missile Turret  
  47  5:07  Missile Turret  
  47  5:16  Starport, SCV x2  
  47  5:17  Starport  
  49  5:28  SCV x2  
  51  5:40  SCV x2  
  53  5:44  Command Center  
  53  5:52  SCV  
  54  6:01  SCV  
  53  6:04  SCV  
  53  6:14  SCV  
  54  6:18  SCV  
  54  6:44  Missile Turret  
  54  6:45  Missile Turret  
  54  6:46  Supply Depot  
  54  6:47  Supply Depot  
  54  6:50  Supply Depot  
  54  6:53  SCV x2, Battlecruiser  
  62  6:59  Supply Depot  
  62  7:03  Supply Depot  
  62  7:05  SCV x2  
  64  7:16  Missile Turret  
  64  7:17  SCV x2  
  64  7:18  Terran Vehicle And Ship Armor Level 2  
  64  7:19  Terran Ship Weapons Level 2  
  66  7:29  SCV x2  
  68  7:31  Supply Depot  
  68  7:41  SCV x3  
  71  7:53  SCV x2  
  71  7:56  Battlecruiser  
  79  8:06  SCV  
  79  8:09  Battlecruiser  
  86  8:14  Hi-Sec Auto Tracking  
  86  8:18  Missile Turret, SCV  
  87  8:25  SCV x2  
  87  8:26  Missile Turret  
  89  8:28  Supply Depot  
  89  8:32  Missile Turret  
  90  8:35  Refinery  
  90  8:36  Orbital Command  
  90  8:38  Refinery  
  89  8:48  Missile Turret  
  89  8:51  Missile Turret  
  89  8:52  Supply Depot  
  89  8:53  Missile Turret  
  89  8:54  Missile Turret  
  89  8:58  Supply Depot  
  89  8:59  Missile Turret  
  89  9:02  SCV  
  90  9:09  Missile Turret  
  90  9:16  Battlecruiser  
  96  9:21  Missile Turret  
  96  9:22  Missile Turret  
  96  9:23  Battlecruiser  
  102  9:29  Missile Turret  
  102  9:39  Battlecruiser  
  102  9:43  Missile Turret  
  108  10:04  Command Center  
  102  10:09  Missile Turret  
  102  10:20  Neosteel Armor, Battlecruiser  
  108  10:27  Battlecruiser  
  114  10:29  Missile Turret  
  114  10:32  Missile Turret, Terran Vehicle And Ship Armor Level 3  
  114  10:33  Starport  
  114  10:35  Starport  
  114  10:36  Starport  
  114  10:50  Missile Turret  
  114  10:52  Missile Turret  
  114  10:56  Missile Turret  
  114  10:58  Missile Turret  
  114  10:59  Battlecruiser  
  114  11:01  Supply Depot x2  
  114  11:03  Supply Depot  
  120  11:06  Missile Turret  
  120  11:09  Missile Turret  
  120  11:10  Terran Ship Weapons Level 3  
  120  11:16  Starport Tech Lab x3  
  120  11:21  Missile Turret  
  120  11:23  Missile Turret  
  120  11:26  Missile Turret  
  120  11:38  Battlecruiser  
  126  11:46  Missile Turret  
  126  12:10  Missile Turret  
  126  12:17  Planetary Fortress  
  126  12:20  Missile Turret  
  126  12:28  Missile Turret  
  126  12:36  Missile Turret x2  
  126  12:39  Refinery  
  126  12:45  Missile Turret  
  126  12:46  Refinery  
  126  12:47  Missile Turret  
  126  12:48  Battlecruiser x3  
  144  12:59  Missile Turret  
  144  13:06  Missile Turret  
  144  13:17  Missile Turret  
  144  13:18  Battlecruiser x2  
  156  13:27  Missile Turret  
  150  13:39  Missile Turret  
  150  14:00  SCV  
  151  14:05  Missile Turret  
  151  14:07  Missile Turret  
  151  14:12  SCV  
  152  14:19  Missile Turret  
  152  14:24  SCV  
  152  14:29  Missile Turret  
  152  14:30  Missile Turret x3  
  153  14:36  SCV  
  154  14:41  Missile Turret  
  154  14:44  Missile Turret x2  
  154  14:48  SCV  
  154  14:51  Missile Turret  
  154  14:52  Missile Turret  
  154  14:56  Missile Turret  
  154  15:05  Missile Turret  
  154  15:06  Battlecruiser x2  
  154  15:07  Battlecruiser x4  
  189  15:16  Missile Turret  
  189  15:25  Missile Turret  
  189  15:29  Missile Turret  
  189  15:39  Missile Turret  
  189  15:47  Missile Turret  
  189  15:53  Missile Turret  
  189  16:06  Missile Turret  
  189  16:09  Missile Turret x2  
  189  16:12  Missile Turret  
  189  16:15  Missile Turret  
  189  16:27  Missile Turret  
  189  16:29  Missile Turret  
  189  16:32  Missile Turret  
  189  16:33  Missile Turret x2  
  189  16:34  Missile Turret  
  189  16:35  Command Center  
  188  16:50  Missile Turret  
  188  16:52  Command Center  
  188  16:55  Missile Turret x2  
  187  17:09  Missile Turret  
  187  17:12  Missile Turret  
  187  17:27  Sensor Tower  
  187  17:29  Sensor Tower  
  187  17:30  Missile Turret  
  187  17:33  Missile Turret  
  187  17:51  Missile Turret  
  187  18:02  Missile Turret  
  187  18:10  Missile Turret  
  187  18:16  Missile Turret  
  187  18:19  Missile Turret  
  187  18:24  Missile Turret  
  187  18:32  Missile Turret  
  187  18:38  Missile Turret  
  187  18:43  Missile Turret  
  187  18:46  Missile Turret  
  187  18:53  Missile Turret  
Tags
 
Add a new tag
Caveats
  • Supply blocks, unpowered buildings, or Contaminate may cause inaccurate times.
  • Supply counts are checked every 10 seconds.